 Dungeon Crawl Stone Soup version 0.32-a0-699-g1ee5eff69a (webtiles) character file.

Game seed: 9195334577123830398

3257 seren the Ruffian (level 10, -8/66 HPs)
             Began as an Octopode Shapeshifter on Mar 12, 2024.
             Killed from afar by a steam dragon (14 damage)
             ... with a ball of steam
             ... on level 8 of the Dungeon on Mar 13, 2024.
             The game lasted 00:14:14 (6843 turns).

seren the Ruffian (Octopode Shapeshifter)           Turns: 6843, Time: 00:14:14

Health: -8/66      AC:  1    Str: 15    XL:     10   Next: 0%
Magic:  10/10      EV: 18    Int: 13    God:
Gold:   338        SH:  0    Dex: 14    Spells: 9/9 levels left

rFire   . .          .
                       - Unarmed
rCold   . . .        (shield currently unavailable)
rNeg    . . .        (helmet restricted)
rPois   +            (no amulet)
rElec   .            e - ring of poison resistance
rCorr   .            (no ring)
SInv    .            (no ring)
Will    .....        (no ring)
Stlth   ++           (no ring)
HPRegen 0.31/turn    (no ring)
MPRegen 0.12/turn    (no ring)
                     (no ring)

%: no passive effects
@: flux-form, glowing
A: glow, contaminating, almost no armour, amphibious, 8 rings, camouflage 1,
gelatinous body 1, (nimble swimmer 1), tentacles
a: Begin Untransformation


You were on level 8 of the Dungeon.
You were something dangerously unstable.
You visited 2 branches of the dungeon, and saw 9 of its levels.

You collected 338 gold pieces.

Inventory:

Missiles
 g - 6 poisoned darts (quivered)
Jewellery
 e - a ring of poison resistance (left tentacle)
 w - a ring of positive energy
Talismans
 b - a beast talisman
 c - a flux talisman (active)
Wands
 j - a wand of warping (26)
 r - a wand of flame (27)
 u - a wand of quicksilver (2)
 x - a wand of charming (2)
Scrolls
 d - a scroll of silence {unknown}
 f - 2 scrolls of amnesia
 h - 4 scrolls of enchant weapon
 m - a scroll of noise
Potions
 a - a potion of lignification
 i - 2 potions of curing
 l - a potion of heal wounds
 n - a potion of resistance {unknown}
 o - a potion of cancellation {unknown}
 p - 2 potions of might
 q - a potion of mutation {unknown}
 s - a potion of invisibility {unknown}
 v - a potion of attraction {unknown}


   Skills:
 + Level 5.5 Fighting
 + Level 5.7 Dodging
 - Level 5.0 Stealth
 * Level 7.5 Unarmed Combat
 + Level 4.4 Evocations
 * Level 7.0 Shapeshifting


You had 9 spell levels left.
You didn't know any spells.
Your spell library contained the following spells:

 Spells                   Type           Power      Damage    Failure   Level
 Sublimation of Blood     Necr           0%         N/A       43%         2
 Dazzling Flash           Conj/Hex       0%         N/A       67%         3
 Petrify                  Alch/Erth      0%         N/A       97%         4
 Irradiate                Conj/Alch      0%         3d11      100%        5
 Starburst                Conj/Fire      0%         6d3       100%        6
 Maxwell's Capacitive Co  Air            0%         ∞         100%        8


Dungeon Overview and Level Annotations

Branches:
Dungeon (8/15)             Temple (1/1) D:5
   Lair: D:8-11

Altars:
Ashenzari
Cheibriados
Dithmenos
Elyvilon
Fedhas
Kikubaaqudgha
Makhleb
Okawaru
Ru
Sif Muna
Trog
Uskayaw
Vehumet
Wu Jian
Xom
Yredelemnul
Zin
The Shining One

Shops:
D:7 [

Annotations:
D:4 Grinder
D:8 1 exclusion, Jeremiah


Innate Abilities, Weirdness & Mutations

You are something dangerously unstable.
You glow with magical radiation, making you easy to see and hit.
Foes you strike become dangerously contaminated with magical radiation.
You are incapable of wielding weapons or throwing items.
You cannot wear most types of armour.
You are amphibious.
You can wear up to eight rings at the same time.
Your skin changes colour to match your surroundings (Stealth+).
Your rubbery body absorbs attacks. (AC +1, EV +1)
((You are camouflaged when in or above water. (Stealth+)))
You have tentacles for arms and can constrict up to eight enemies at once.


Message History

The bullfrog hits your catoblepas but does no damage.
Your catoblepas misses the bullfrog. The bullfrog hits your catoblepas.
The bullfrog stops glowing.
The bullfrog completely misses your catoblepas.
Your catoblepas gores the bullfrog!
The bullfrog dies!
Your catoblepas gores the orc.
You feel a bit more experienced.
You see here 6 stones.
You feel your willpower return.
Found an escape hatch in the floor.
Found a war axe.
A komodo dragon comes into view.
You barely miss the komodo dragon. The komodo dragon bites you!
You tentacle-slap the komodo dragon but do no damage.
The komodo dragon begins to glow.
You squeeze the komodo dragon.
The komodo dragon is lightly wounded.
The komodo dragon bites you!!
Ouch! That really hurt!
* * * LOW HITPOINT WARNING * * *
You hear an angry hiss.
You tentacle-slap the komodo dragon.
The komodo dragon glows dangerously bright.
The komodo dragon is moderately wounded.
The komodo dragon barely misses you.
A steam dragon comes into view.
You tentacle-slap the komodo dragon but do no damage.
The komodo dragon shudders as magic cascades through it!!
The komodo dragon twists and deforms.
The komodo dragon is almost dead.
The komodo dragon bites you!
* * * LOW HITPOINT WARNING * * *
You tentacle-slap the komodo dragon.
You kill the komodo dragon!
Your Shapeshifting skill increases to level 7!
You have reached level 10!
You feel agile. The steam dragon breathes steam at you.
The ball of steam hits you!
You die...

#P.....P.. #.....##
#..P..... ####...##
#P...D..# ##.....##
#.......# ##.......#
#P)...#
####...†.....
#...###.............
##.§...####.........
##§#.## #........#
#p##### #.#.....##
#.....# #.##...##
#.###.###.###'##
#.........# #.#
#.....>..## #.#
#.###.##.# ##.## #.#
#.##.###...### #.#
#............. #.#
####.###...##.


There were no monsters in sight!

Vanquished Creatures
  2 komodo dragons
  A wyvern (D:5)
  A steam dragon (D:7)
  A water moccasin (D:7)
  2 orc warriors (D:6)
  2 black bears (D:6)
  2 ogres
  An ice beast (D:7)
  A centaur (D:7)
  2 crocodiles (D:6)
  A phantom (D:5)
  6 bullfrogs
  A gnoll sergeant (D:6)
  3 scorpions (D:5)
  A howler monkey (D:8)
  3 bombardier beetles
  2 hounds
  A gnoll bouda (D:8)
  An orc priest (D:6)
  5 iguanas
  A sleepcap (D:6)
  4 orc wizards
  6 gnolls
  8 adders
  2 white imps
  2 ufetubi (D:6)
  A dart slug (D:1)
  25 orcs
  6 ball pythons
  8 endoplasms
  4 giant cockroaches
  6 goblins
  7 hobgoblins
  2 jackals (D:3)
  3 quokkas
  A bat (D:3)
  2 frilled lizards
  4 kobolds
  A rat (D:1)
132 creatures vanquished.

Vanquished Creatures (collateral kills)
  A bullfrog (D:8)
  An orc (D:8)
2 creatures vanquished.

Vanquished Creatures (others)
  Sigmund (D:4)
  An adder (D:4)
  A jackal (D:4)
3 creatures vanquished.

Grand Total: 137 creatures vanquished

Notes
Turn   | Place    | Note
-------+----------+-------------------------------------------
     0 | D:1      | seren the Octopode Shapeshifter began the quest for the
                  | Orb.
     0 | D:1      | Reached XP level 1. HP: 13/13 MP: 1/1
   276 | D:1      | Reached XP level 2. HP: 18/18 MP: 2/2
   652 | D:2      | Reached XP level 3. HP: 11/23 MP: 3/3
   838 | D:2      | Found a faded altar of an unknown god.
  1395 | D:2      | HP: 1/24 [poisoned by an adder]
  1483 | D:3      | Reached XP level 4. HP: 19/29 MP: 4/4
  1806 | D:2      | Reached XP level 5. HP: 14/35 MP: 5/5
  2105 | D:4      | Noticed an ogre
  2113 | D:4      | HP: 1/35 [adder (1)]
  2306 | D:4      | Killed an ogre
  2307 | D:4      | Reached XP level 6. HP: 41/41 MP: 6/6
  2322 | D:4      | Identified the +4 dagger "Arbiter" {freeze, rElec rF+
                  | Str+3}
  2360 | D:4      | Upgraded the game from 0.32-a0-685-g93135e86f0 to
                  | 0.32-a0-699-g1ee5eff69a
  2366 | D:4      | Found a shimmering altar of Xom.
  2412 | D:4      | Noticed Sigmund
  2605 | D:4      | Killed Sigmund
  2714 | D:5      | Entered Level 5 of the Dungeon
  2901 | D:5      | Found a staircase to the Ecumenical Temple.
  2909 | Temple   | Entered the Ecumenical Temple
  2945 | D:5      | Found a radiant altar of Vehumet.
  2957 | D:5      | Reached skill level 1 in Stealth
  2994 | D:5      | Noticed a wyvern
  3011 | D:5      | Killed a wyvern
  3012 | D:5      | Reached XP level 7. HP: 46/46 MP: 7/7
  3061 | D:5      | Reached skill level 1 in Evocations
  3109 | D:5      | Reached skill level 5 in Unarmed Combat
  3145 | D:5      | Found a glowing silver altar of Zin.
  3328 | D:4      | Noticed Grinder
  3437 | D:6      | Found an ancient bone altar of Kikubaaqudgha.
  3442 | D:6      | Reached XP level 8. HP: 53/54 MP: 8/8
  3447 | D:6      | Reached skill level 5 in Shapeshifting
  4565 | D:6      | Found a shadowy altar of Dithmenos.
  4754 | D:6      | Reached XP level 9. HP: 56/59 MP: 9/9
  4962 | D:7      | Found Nioxt's Armour Emporium.
  5115 | D:7      | Noticed a komodo dragon
  5126 | D:6      | Reached skill level 5 in Dodging
  5751 | D:7      | Killed a komodo dragon
  5752 | D:7      | Reached skill level 5 in Fighting
  5752 | D:7      | Reached skill level 5 in Stealth
  6053 | D:7      | Found a white marble altar of Elyvilon.
  6532 | D:8      | Found a hide-covered altar of Uskayaw.
  6639 | D:8      | Noticed Jeremiah
  6725 | D:8      | Noticed a catoblepas
  6829 | D:8      | Noticed a komodo dragon
  6840 | D:8      | Killed a komodo dragon
  6841 | D:8      | Reached XP level 10. HP: 5/66 MP: 10/10
  6843 | D:8      | Killed from afar by a steam dragon

Illustrated notes

Levels and vault maps discovered:
D:1:      dpeg_arrival_arbitrary_b, layout_basic
D:2:      layout_rooms, serial_bayou, serial_bayou_crossing,
          serial_bayou_pond_d, serial_bayou_lake_a, serial_bayou_pond_a,
          ebering_ecumenical_altar_petrified, grunt_ministairs_9
D:3:      layout_rooms
D:4:      minmay_evil_eye, layout_basic, xom_confusion_cloud,
          gammafunk_temple_overflow_statue, uniq_grinder, uniq_sigmund
D:5:      layout_basic, old_standard_altar, vehumet_altar_wand_db,
          minmay_temple_entry_tees
D:6:      layout_basic, lemuel_doored_altar, mainiacjoe_overflow_cross_hatched
D:7:      layout_basic, mainiacjoe_overflow_surrounded_room, serial_shops, shop,
          minmay_lizard_king
D:8:      minmay_distorted_concentric_squares, layout_loops_corners,
          mainiacjoe_overflow_tiny_flanked, david_lair_shrubbed, uniq_psyche,
          uniq_jeremiah
Temple:   grunt_temple_mini_profane

Skill      XL: |  1  2  3  4  5  6  7  8  9 |
---------------+----------------------------+-----
Fighting       | 2 3 4 5 |  5.5
Dodging        | 3 4 5 |  5.7
Unarmed Combat | 4 5 6 7 |  7.5
Shapeshifting  | 4 5 7 |  7.0
Stealth        | 1 2 4 5 |  5.0
Evocations     | 1 3 4 |  4.4

Action                     |  1- 3 |  4- 6 |  7- 9 | 10-12 || total
---------------------------+-------+-------+-------+-------++-------
  Melee: Unarmed           |    55 |    84 |   181 |       ||   320
         Constrict         |    14 |    20 |    50 |       ||    84
         Tentacles         |    12 |    15 |    52 |       ||    79
         Punch             |     1 |     2 |     9 |       ||    12
  Throw: Dart              |       |     3 |       |       ||     3
  Evoke: Wand              |       |       |    11 |       ||    11
    Use: Potion            |     2 |     1 |     2 |       ||     5
         Scroll            |       |     4 |     4 |       ||     8
   Stab: Sleeping          |     6 |     1 |     4 |       ||    11
 Armour: Skin              |    20 |    43 |    71 |     1 ||   135
  Dodge: Dodged            |    28 |    46 |   131 |       ||   205
   Form: Flux              |       |       |     1 |       ||     1

Table legend: (Time is in decaauts)
 A = Elapsed time spent in this place.
 B = Non-inter-level travel time spent in this place.
 C = Inter-level travel time spent in this place.
 D = Time resting spent in this place.
 E = Time spent auto-exploring this place.
 F = Levels seen in this place.
 G = Mean time per level.
                   A        B        C        D        E       F      G
               +--------+--------+--------+--------+--------+-----+--------+
         Total |   6827 |   6464 |    363 |   1642 |   3203 |   9 |  758.6 |
       Dungeon |   6807 |   6447 |    360 |   1642 |   3203 |   8 |  850.9 |
        Temple |     19 |     16 |      3 |      0 |      0 |   1 |   19.0 |
               +--------+--------+--------+--------+--------+-----+--------+

Top non-repeatable levels by time:
     D:6: 2004 daAuts
     D:2: 935 daAuts
     D:7: 777 daAuts
     D:5: 706 daAuts
     D:3: 669 daAuts
     D:1: 620 daAuts
     D:8: 595 daAuts
     D:4: 497 daAuts
  Temple: 19 daAuts
